 Dungeon Crawl Stone Soup version 0.30-a0-170-g85af917532 (webtiles) character file.

Game seed: 12367650896109658790

1537 LnG the Covert (level 9, -4/47 HPs)
             Began as a Kobold Summoner on Sept 30, 2022.
             Was an Initiate of Yredelemnul.
             Slain by Prince Ribbit (16 damage)
             ... on level 6 of the Dungeon.
             The game lasted 00:14:23 (5769 turns).

LnG the Covert (Kobold Summoner)                    Turns: 5769, Time: 00:14:23

Health: -4/47      AC:  2    Str:  5    XL:     9   Next: 11%
Magic:  11/17      EV: 16    Int: 23    God:    Yredelemnul [......]
Gold:   184        SH:  0    Dex: 16    Spells: 5/18 levels left

rFire   . . .      SeeInvis .    j - +0 dagger (chaos)
rCold   . . .      Faith    .    (no shield)
rNeg    . . .      Spirit   .    o - +0 robe "Naur" {Int+3}
rPois   .          Reflect  .    (no helmet)
rElec   .          Harm     .    (no cloak)
rCorr   .          Rampage  .    (no gloves)
Will    .....                    (no boots)
Stlth   +++++.....               (no amulet)
HPRegen 0.15/turn                (no ring)
MPRegen 0.15/turn                (no ring)

@: very slightly contaminated
A: small, no large weapons, nightstalker 3
a: Renounce Religion, Recall Undead Harvest


You were on level 6 of the Dungeon.
You worshipped Yredelemnul.
Yredelemnul was noncommittal.
You visited 1 branch of the dungeon, and saw 6 of its levels.

You collected 226 gold pieces.
You spent 42 gold pieces at shops.

Inventory:

Hand Weapons
 j - a +0 dagger of chaos (weapon)
Armour
 a - a +0 robe
 o - the +0 robe "Naur" (worn) {Int+3}
   (You found it on level 4 of the Dungeon)

   Int:       It affects your intelligence (+3).
Wands
 d - a wand of iceblast (9)
Scrolls
 h - a scroll of blinking {unknown}
 i - 2 scrolls of noise
 l - 3 scrolls of vulnerability
 n - a scroll of immolation {unknown}
 p - 2 scrolls of teleportation {unknown}
 r - a scroll of poison {unknown}
 u - a scroll of magic mapping {unknown}
Potions
 b - 3 potions of magic
 c - 2 potions of lignification {unknown}
 e - 4 potions of resistance
 f - a potion of degeneration {unknown}
 g - a potion of ambrosia {unknown}
 k - a potion of attraction {unknown}
 m - a potion of curing
 s - a potion of might {unknown}
 t - a potion of brilliance {unknown}


   Skills:
 + Level 1.4 Fighting
 + Level 5.0 Short Blades
 + Level 4.2 Dodging
 + Level 9.2 Stealth
 + Level 5.3 Spellcasting
 + Level 0.1 Hexes
 + Level 6.3 Summonings


You had 5 spell levels left.
You knew the following spells:

 Your Spells              Type           Power      Damage    Failure   Level
a - Summon Small Mammal   Summ           100%       N/A       1%          1
b - Call Imp              Summ           35%        N/A       1%          2
c - Call Canine Familiar  Summ           35%        N/A       1%          3
d - Summon Guardian Gole  Hex/Summ       21%        N/A       7%          3
e - Summon Lightning Spi  Summ/Air       20%        N/A       24%         4

Your spell library contained the following spells:

 Spells                   Type           Power      Damage    Failure   Level
 Scorch                   Fire           12%        2d5       14%         2
 Flame Wave               Conj/Fire      6%         2d5       65%         4
 Summon Cactus Giant      Summ           17%        N/A       71%         6
 Conjure Ball Lightning   Conj/Air       3%         3x3d6     100%        6
 Discord                  Hex            3%         N/A       100%        8
 Disjunction              Tloc           3%         N/A       100%        8


Dungeon Overview and Level Annotations

Branches:
Dungeon (6/15)
 Temple: D:4-7

Altars:
Dithmenos
Hepliaklqana
Okawaru
Yredelemnul
The Shining One

Shops:
D:4 (*

Annotations:
D:3 Sigmund
D:4 2 transporters
D:6 Prince Ribbit


Innate Abilities, Weirdness & Mutations

You are small and have problems with some larger weapons.
You are completely attuned to the shadows.


Message History

You are very lightly contaminated with residual magic.
A fistful of eyes flickers past your view.
A nameless horror comes into view.
Your hound barely misses the orc.
Prince Ribbit hits your kobold zombie!
Your kobold zombie is destroyed!
The orc closely misses your hound.
Your hound barely misses the orc.
The orc wizard casts a spell.
The orc wizard flickers and vanishes!
Deactivating autopickup; reactivate with Ctrl-A.
The orc wizard hits your hound with a +0 dagger.
Prince Ribbit blinks!
Your hound bites the orc but does no damage.
Your kobold brigand zombie hits Prince Ribbit.
Prince Ribbit blinks!
Send 'em back where they came from!
Your guardian golem shudders.
Your hound shudders.
The orc wizard hits your hound with a +0 dagger.
Prince Ribbit attacks as you move away! Prince Ribbit closely misses you.
Prince Ribbit blinks!
Your kobold brigand zombie barely misses Prince Ribbit.
Your kobold brigand zombie appears confused.
Prince Ribbit blinks!
Send 'em back where they came from!
Your guardian golem shudders.
Your kobold brigand zombie barely misses something.
Something hits your kobold brigand zombie but does no damage.
Prince Ribbit attacks as you move away! Prince Ribbit closely misses you.
Prince Ribbit hops awkwardly around.
Prince Ribbit closely misses you. Prince Ribbit barely misses you.
Prince Ribbit closely misses you.
Send 'em back where they came from!
Your guardian golem disappears in a puff of smoke!
Prince Ribbit attacks as you move away! Prince Ribbit misses you.
Prince Ribbit attacks as you move away! Prince Ribbit hits you! x2
* * * LOW HITPOINT WARNING * * *
There is a stone staircase leading up, spattered with blood here.
You feel better.
Prince Ribbit winks and puckers his lips.
Prince Ribbit hits you!
You die...
Your body rises from the dead as a mindless zombie.

.###..Z........
......ZZ.......ZZ
......Z##......#Z
#.....##Z...##.##Z
##..#..##Z#..##..Z.
...#...##....##....#Z.
#..#...##.##.#.....#Z.
#.##..##..#####...ZZ..
#.##.@.......##.......
.###....F...#.......)#.##
.....###..#####......###
....Z###.## #........#
.....##.Xo####.....#..#
......#....##....###....
#.................####..
##..#..#.........ZZZ###..
....##............#......


You could see a nameless horror, Prince Ribbit and an orc wizard.

Vanquished Creatures
  A yak (D:5)
  A water moccasin (D:5)
  3 centaurs (D:5)
  2 phantoms
  A kobold brigand (D:6)
  A bullfrog (D:5)
  2 scorpions
  A hound (D:5)
  An orc priest (D:5)
  A jelly (D:4)
  An iguana (D:5)
  An orc wizard (D:5)
  Natasha (D:2)
  9 gnolls
  6 adders
  A worm (D:2)
  A dart slug (D:3)
  A ball python (D:2)
  4 bats
  3 endoplasms
  2 giant cockroaches
  4 goblins
  3 hobgoblins
  5 jackals
  6 kobolds
  A rat (D:1)
63 creatures vanquished.

Vanquished Creatures (collateral kills)
  An ogre (D:6)
  A hound (D:5)
  A jelly (D:4)
  An iguana (D:5)
  Natasha (D:2)
  7 gnolls
  An adder (D:2)
  A worm (D:2)
  3 orcs (D:5)
  2 bats (D:1)
  3 endoplasms
  2 jackals (D:2)
  5 kobolds
  A quokka (D:1)
  5 frilled lizards (D:1)
  2 rats
37 creatures vanquished.

Vanquished Creatures (others)
  A water moccasin zombie (D:5)
  A centaur zombie (D:5)
  A scorpion zombie (D:5)
  A hound zombie (D:5)
  An iguana zombie (D:5)
  3 kobold zombies (D:6)
  2 orc zombies (D:5)
  18 plants
  5 withered plants (D:1)
33 creatures vanquished.

Grand Total: 133 creatures vanquished

Notes
Turn   | Place    | Note
-------+----------+-------------------------------------------
     0 | D:1      | LnG the Kobold Summoner began the quest for the Orb.
     0 | D:1      | Reached XP level 1. HP: 10/10 MP: 3/3
   310 | D:1      | Reached XP level 2. HP: 15/15 MP: 5/5
   314 | D:1      | Learned a level 2 spell: Call Imp
   577 | D:1      | Found a faded altar of an unknown god.
  1201 | D:2      | Reached XP level 3. HP: 19/19 MP: 6/6
  1205 | D:2      | Learned a level 3 spell: Call Canine Familiar
  1546 | D:2      | Reached skill level 3 in Stealth
  1888 | D:2      | Reached XP level 4. HP: 24/24 MP: 8/8
  2373 | D:2      | Noticed Natasha
  2378 | D:2      | Reached XP level 5. HP: 21/28 MP: 2/9
  2382 | D:2      | Reached skill level 1 in Short Blades
  2388 | D:2      | Killed Natasha
  2679 | D:2      | Reached skill level 5 in Summonings
  3001 | D:2      | Noticed Natasha
  3017 | D:2      | Killed Natasha
  3018 | D:2      | Reached skill level 4 in Stealth
  3018 | D:2      | Reached XP level 6. HP: 27/33 MP: 7/11
  3406 | D:3      | Reached skill level 5 in Stealth
  3517 | D:3      | Noticed Sigmund
  3634 | D:4      | Found a transporter.
  3661 | D:4      | Reached XP level 7. HP: 37/37 MP: 12/12
  3665 | D:4      | Learned a level 3 spell: Summon Guardian Golem
  3685 | D:4      | Reached skill level 6 in Stealth
  3928 | D:4      | Identified the +0 robe "Naur" {Int+3}
  3945 | D:4      | Learned a level 4 spell: Summon Lightning Spire
  4130 | D:4      | Found Loacs's General Store.
  4135 | D:4      | Bought a potion of curing for 42 gold pieces
  4138 | D:4      | Found a transporter.
  4234 | D:4      | Found Estacs's Weapon Shoppe.
  4257 | D:4      | Found a glowing golden altar of the Shining One.
  4566 | D:5      | Entered Level 5 of the Dungeon
  4567 | D:5      | Found a basalt altar of Yredelemnul.
  4572 | D:5      | Became a worshipper of Yredelemnul the Dark
  4606 | D:5      | Reached skill level 1 in Fighting
  4608 | D:5      | Found an iron altar of Okawaru.
  4652 | D:5      | Reached skill level 7 in Stealth
  4652 | D:5      | Reached XP level 8. HP: 43/43 MP: 14/14
  4678 | D:5      | Found a hazy altar of Hepliaklqana.
  4682 | D:5      | Reached * piety under Yredelemnul
  4751 | D:5      | Noticed a yak
  4751 | D:5      | Noticed a yak
  4793 | D:5      | Reached skill level 8 in Stealth
  4794 | D:5      | Reached ** piety under Yredelemnul
  5083 | D:5      | Reached *** piety under Yredelemnul
  5168 | D:5      | Found a shadowy altar of Dithmenos.
  5225 | D:5      | Noticed a yak
  5225 | D:5      | Noticed a yak
  5244 | D:5      | Noticed a yak
  5317 | D:5      | Killed a yak
  5318 | D:5      | Reached skill level 9 in Stealth
  5318 | D:5      | Reached skill level 5 in Spellcasting
  5514 | D:6      | Reached XP level 9. HP: 40/47 MP: 11/16
  5678 | D:6      | Reached skill level 5 in Short Blades
  5753 | D:6      | Noticed Prince Ribbit
  5759 | D:6      | Noticed a nameless horror
  5768 | D:6      | HP: 1/47 [Prince Ribbit (16)]
  5769 | D:6      | Slain by Prince Ribbit

Illustrated notes

Levels and vault maps discovered:
D:1:      roderic_octagonal_star, layout_rooms,
          shapermc_ecumenical_altar_flowoftime, minmay_lizard_king
D:2:      layout_loops_ring, serial_rivers, chequers_serial_rivers_micro_c,
          chequers_serial_rivers_small_3, chequers_serial_rivers_marsh,
          chequers_serial_rivers_small_a, grunt_decor_resistance, uniq_natasha
D:3:      layout_loops_ring, zin_treasury, serial_bayou, serial_bayou_pond_e,
          serial_bayou_lake_a, serial_bayou_lagoon_a, serial_bayou_pond_e,
          uniq_sigmund
D:4:      layout_loops_ring, mainiacjoe_overflow_paths,
          gammafunk_ghost_abyssal_escape, serial_shops,
          nicolae_shop_competitors_out_of_business, nicolae_shop_stone
D:5:      layout_rooms, grunt_dithmenos_smoke, nicolae_hepliaklqana_hazy_memory,
          mainiacjoe_overflow_cross_hatched, okawaru_gym_becter
D:6:      minmay_goblin_kobold_castle, layout_cave_pools,
          minmay_temple_entry_enclosed_plants, uniq_blork_the_orc,
          uniq_prince_ribbit1, uniq_menkaure

Skill      XL: |  1  2  3  4  5  6  7  8  9 |
---------------+----------------------------+-----
Stealth        | 3 4 5 7 9 |  9.2
Spellcasting   | 3 4 5 |  5.3
Dodging        | 3 4 |  4.2
Short Blades   | 1 2 3 4 5 |  5.0
Summonings     | 5 6 |  6.3
Fighting       | 1 |  1.4
Hexes          | |  0.1

Action                   |  1- 3 |  4- 6 |  7- 9 || total
-------------------------+-------+-------+-------++-------
Melee: Unarmed           |    42 |       |       ||    42
       Short sword       |    16 |       |       ||    16
       Dagger            |    18 |    65 |    84 ||   167
 Cast: Summon Small Mamm |     9 |     3 |       ||    12
       Call Imp          |     8 |     4 |     6 ||    18
       Call Canine Famil |     4 |     8 |    10 ||    22
       Summon Guardian G |       |       |     2 ||     2
  Use: Scroll            |     2 |       |     3 ||     5
       Potion            |       |       |     1 ||     1
 Stab: Sleeping          |     3 |    18 |    10 ||    31
       Petrifying        |       |       |     1 ||     1
       Distracted        |       |       |     1 ||     1
Armor: Robe              |    14 |     9 |     3 ||    26
Dodge: Dodged            |    56 |    65 |    46 ||   167

Table legend: (Time is in decaauts)
 A = Elapsed time spent in this place.
 B = Non-inter-level travel time spent in this place.
 C = Inter-level travel time spent in this place.
 D = Time resting spent in this place.
 E = Time spent auto-exploring this place.
 F = Levels seen in this place.
 G = Mean time per level.
                   A        B        C        D        E       F      G
               +--------+--------+--------+--------+--------+-----+--------+
         Total |   5790 |   5585 |    205 |   1786 |   2804 |   6 |  965.0 |
       Dungeon |   5790 |   5585 |    205 |   1786 |   2804 |   6 |  965.0 |
               +--------+--------+--------+--------+--------+-----+--------+

Top non-repeatable levels by time:
     D:2: 1743 daAuts
     D:1: 1499 daAuts
     D:4: 940 daAuts
     D:5: 823 daAuts
     D:3: 418 daAuts
     D:6: 365 daAuts
